 Dungeon Crawl Stone Soup version 0.18.1-50-g88ac8fd (webtiles) character file.

14 mmcf the Charlatan (level 2, 0/16 HPs)
             Began as a Kobold Artificer on Sept 16, 2016.
             Slain by a gnoll
             ... wielding a +0 flail
              (3 damage)
             ... on level 1 of the Dungeon.
             The game lasted 00:02:21 (799 turns).

mmcf the Charlatan (Kobold Artificer)                Turns: 799, Time: 00:02:22

Health: 0/16       AC:  3    Str:  9    XL:     2   Next: 60%
Magic:  4/4        EV: 14    Int: 10    God:
Gold:   24         SH:  0    Dex: 16    Spells: 0 memorised, 1 level left

rFire  . . .     SeeInvis .     b - +0 dagger
rCold  . . .     Gourm    .     l - +0 leather armour
rNeg   . . .     Faith    .     (shield restricted)
rPois  .         Spirit   .     (no helmet)
rElec  .         Dismiss  .     (no cloak)
rCorr  +         Reflect  .     (no gloves)
SustAt .         Harm     .     (no boots)
MR     .....                    o - amulet of rage
Stlth  ++........               (no ring)
                                q - ring of resist corrosion

@: not resistant to hostile enchantments, unstealthy
A: carnivore 3
a: Evoke Berserk Rage


You were on level 1 of the Dungeon.
You were very full.

You visited 1 branch of the dungeon, and saw 2 of its levels.

You collected 24 gold pieces.

Inventory:

Hand Weapons
 a - a +0 short sword
 b - a +0 dagger (weapon)
Missiles
 m - 10 poisoned needles
Armour
 l - a +0 leather armour (worn)
Jewellery
 o - an amulet of rage (around neck)
 q - a ring of resist corrosion (left hand)
Wands
 c - a wand of flame (14/48)
 d - a wand of enslavement (12/24)
 e - a wand of random effects (14/48)
Scrolls
 g - a scroll of identify {unknown}
 k - a scroll of teleportation {unknown}
 n - a scroll of remove curse {unknown}
 p - a scroll of random uselessness {unknown}
Potions
 h - 2 potions of invisibility {unknown}
 i - a potion of might {unknown}
 j - a potion of mutation {unknown}
Comestibles
 f - a meat ration


   Skills:
 - Level 1.1 Fighting
 + Level 2.2 Short Blades
 - Level 2.4 Dodging
 * Level 2.9 Stealth
 - Level 3.6 Evocations


You had one spell level left.
You didn't know any spells.

Dungeon Overview and Level Annotations

Branches:
Dungeon (2/15)

Altars:


Innate Abilities, Weirdness & Mutations

You are small and have problems with some larger weapons.
You are carnivorous and can eat meat at any time.


Message History

* * * LOW HITPOINT WARNING * * *
Unknown command.
Evoke which item? (* to show all) (? for menu, Esc to quit)
Zapping:
e - a wand of random effects (14/48)
Press: ? - help, Shift-Dir - straight line, f/p - gnoll
Aim: a gnoll, wielding a flail
Okay, then.
Evoke which item? (* to show all) (? for menu, Esc to quit)
Zapping:
d - a wand of enslavement (14/24)
Press: ? - help, Shift-Dir - straight line, f/p - gnoll
Aim: a gnoll, wielding a flail (chance to defeat MR: 62%)
The gnoll resists with significant effort.
This wand has 13 charges left.
The gnoll misses you.
Evoke which item? (* to show all) (? for menu, Esc to quit)
Zapping:
d - a wand of enslavement (13/24)
Press: ? - help, Shift-Dir - straight line, f/p - gnoll
Aim: a gnoll, wielding a flail (chance to defeat MR: 62%)
The gnoll resists with significant effort.
This wand has 12 charges left.
The gnoll hits you with a flail.
You die...

####..?## #.# #.#
...$....## ##.## #.#
#.......# #...########
#.# #.......#
#..........###.#
##.......#
#...######.#...#
#.......b# #####
#....### .)#....#.#
#..###
#...####.###########..#
##.##...#......g@.....#
##)##.##.###########.##
.#.##.##.# #.#
.#.##.##.# #.#
.#.......# #.#
.........# #.#
.####.##.# #.# .#
#.##.# #.# .#
#.##.###########.#


You could see a gnoll.

Vanquished Creatures
  2 bats (D:1)
  2 giant cockroaches
  A goblin (D:2)
  2 hobgoblins (D:1)
  2 kobolds (D:1)
  2 giant newts (D:1)
  2 rats (D:1)
13 creatures vanquished.

Vanquished Creatures (collateral kills)
  A kobold (D:1)
1 creature vanquished.

Vanquished Creatures (others)
  A giant gecko (D:1)
1 creature vanquished.

Grand Total: 15 creatures vanquished

Notes
Turn   | Place    | Note
--------------------------------------------------------------
     0 | D:1      | mmcf the Kobold Artificer began the quest for the Orb.
     0 | D:1      | Reached XP level 1. HP: 12/12 MP: 3/3
   464 | D:1      | Reached XP level 2. HP: 16/16 MP: 4/4
   799 | D:1      | Slain by a gnoll

Skill      XL: |  1  2 |
---------------+-------+-----
Stealth        | 2 |  2.9
Short Blades   | 2 |  2.2
Fighting       | |  1.1
Dodging        | |  2.4
Evocations     | |  3.6

Action                   || total
-------------------------++-------
Melee: Short sword       ||    21
       Dagger            ||    12
Evoke: Wand              ||     5
 Stab: Sleeping          ||     2
  Eat: Chunk             ||     6
Armor: Leather armour    ||     6
Dodge: Dodged            ||    28
